 Dungeon Crawl Stone Soup version 0.29.1-15-g9cfb28693d (webtiles) character file.

Game seed: 5567858672129490769

480 monsoonserge the Chopper (level 7, 0/55 HPs)
             Began as a Formicid Abyssal Knight on Apr 27, 2023.
             Was a Priest of Lugonu.
             Succumbed to a scorpion's poison
             ... on level 5 of the Dungeon.
             The game lasted 00:09:04 (2871 turns).

monsoonserge the Chopper (Formicid Abyssal Knight)  Turns: 2871, Time: 00:09:05

Health: 0/55       AC: 11    Str: 25    XL:     7   Next: 34%
Magic:  9/10       EV:  7    Int: 10    God:    Lugonu [***...]
Gold:   210        SH:  0    Dex: 14    Spells: 6/6 levels left

rFire   . . .      SeeInvis +   e - +1 hand axe (vorpal)
rCold   . . .      Faith    .   (no shield)
rNeg    . . .      Spirit   .   o - +0 plate armour
rPois   .          Reflect  .   (helmet unavailable)
rElec   .          Harm     .   (no cloak)
rCorr   .          Rampage  .   (no gloves)
Will    +....                   (no boots)
Stlth   ..........              (no amulet)
HPRegen 0.18/turn               y - ring of willpower
MPRegen 0.12/turn               x - +6 ring of strength

@: lethally poisoned (0 -> -22)
A: permanent stasis, dig shafts and tunnels, antennae 3, four strong arms
a: Dig, Shaft Self, Renounce Religion, Depart the Abyss, Bend Space, Banish


You were on level 5 of the Dungeon.
You worshipped Lugonu.
Lugonu was most pleased with you.
You visited 1 branch of the dungeon, and saw 4 of its levels.
You visited the Abyss 1 time.

You collected 210 gold pieces.

Inventory:

Hand Weapons
 a - a +1 mace
 e - a +1 vorpal hand axe (weapon)
 t - a +0 vorpal mace
Missiles
 h - 37 stones
 n - 5 javelins (quivered)
Armour
 b - a +0 leather armour
 o - a +0 plate armour (worn)
Jewellery
 f - a ring of wizardry
 x - a +6 ring of strength (right hand)
 y - a ring of willpower (left hand)
Scrolls
 c - a scroll of fear {unknown}
 j - a scroll of acquirement {unknown}
 m - 2 scrolls of blinking {unknown}
 q - 3 scrolls of teleportation {unknown}
 u - a scroll of vulnerability {unknown}
 v - 2 scrolls of identify {unknown}
Potions
 d - a potion of haste {unknown}
 g - a potion of resistance {unknown}
 i - a potion of might {unknown}
 k - 2 potions of curing {unknown}
 l - 2 potions of brilliance {unknown}
 p - 3 potions of attraction {unknown}
 r - a potion of degeneration {unknown}
 s - a potion of flight {unknown}
 w - a potion of mutation {unknown}


   Skills:
 + Level 4.4 Fighting
 + Level 4.6(4.8) Axes
 - Level 2.2(3.7) Maces & Flails
 + Level 0.1 Throwing
 + Level 3.6 Armour
 + Level 1.6 Dodging
 + Level 0.6 Stealth
 * Level 4.0 Invocations


You had 6 spell levels left.
You didn't know any spells.
Your spell library contained the following spells:

 Spells                   Type           Power      Damage    Failure   Level
 Magic Dart               Conj           0%         1d3       99%         1
 Summon Small Mammal      Summ           0%         N/A       99%         1
 Searing Ray              Conj           0%         2d4       100%        2
 Call Canine Familiar     Summ           0%         N/A       100%        3
 Summon Guardian Golem    Hex/Summ       0%         N/A       100%        3
 Fulminant Prism          Conj/Hex       0%         3d6       100%        4


Dungeon Overview and Level Annotations

Branches:
Dungeon (3/15)

Altars:
Kikubaaqudgha
Okawaru


Innate Abilities, Weirdness & Mutations

You cannot be hasted, slowed, berserked, paralysed or teleported.
You can dig through walls and to a lower floor.
You have a pair of large antennae on your head. (SInv)
Your four strong arms can wield two-handed weapons with a shield.


Message History

The scorpion closely misses you. The scorpion stings you.
You are more poisoned.
The scorpion poisons you!
You barely miss the scorpion.
The scorpion is lightly wounded.
You feel very sick.
The scorpion stings you but does no damage.
You hit the scorpion but do no damage.
The scorpion is lightly wounded.
You feel very sick. The scorpion barely misses you.
You hit the scorpion.
The scorpion is moderately wounded.
You feel sick. The scorpion closely misses you.
You hit the scorpion.
The scorpion is heavily wounded.
You feel very sick. The scorpion barely misses you. The scorpion stings you.
You are more poisoned.
The scorpion poisons you!
You barely miss the scorpion.
The scorpion is heavily wounded.
You barely miss the iguana.
* * * LOW HITPOINT WARNING * * *
You feel very sick.
The iguana bites you but does no damage.
The scorpion completely misses you.
You hit the scorpion but do no damage.
The scorpion is heavily wounded.
You hit the iguana.
* * * LOW HITPOINT WARNING * * *
You feel very sick. The iguana bites you.
* * * LOW HITPOINT WARNING * * *
The scorpion stings you.
* * * LOW HITPOINT WARNING * * *
You are more poisoned.
The scorpion poisons you! Space bends violently around you!
You blink.
You die...

# #.###)#.......#
#
##+#...#.#####.#
# ............#
#.# #
............# #.#
# ............#
#.# #
#..##+#########.#
# .). ...
#.........#.# #
...... ..
#.........'.# #
.......
#@.......###
#.......
#........#
##......
#........###
......#
#..........#
......#
#.....§..#.#
......#
##.###ls..P#
......# #.#
#..$...# .†....#
#.# ).....P#
......# ...#....#


You could see a scorpion and an iguana.

Vanquished Creatures
  An ice beast (D:5)
  A black bear (D:5)
  A phantom (D:5)
  A hound (D:5)
  Jessica (D:3)
  An iguana (D:5)
  4 gnolls (D:5)
  3 adders
  2 worms
  4 dart slugs
  2 orcs (D:3)
  7 ball pythons
  4 endoplasms
  3 giant cockroaches
  6 goblins
  4 hobgoblins
  4 jackals (D:1)
  5 bats
  6 frilled lizards
  4 kobolds (D:1)
  5 rats (D:1)
69 creatures vanquished.

Vanquished Creatures (others)
  3 withered plants (D:5)
3 creatures vanquished.

Grand Total: 72 creatures vanquished

Notes
Turn   | Place    | Note
-------+----------+-------------------------------------------
     0 | Abyss:1  | monsoonserge the Formicid Abyssal Knight began the quest
                  | for the Orb.
     0 | Abyss:1  | Reached XP level 1. HP: 18/18 MP: 2/2
     0 | Abyss:1  | Found a corrupted altar of Lugonu.
    15 | D:1      | Escaped the Abyss
   210 | D:1      | Found a faded altar of an unknown god.
   248 | D:1      | Reached XP level 2. HP: 24/24 MP: 3/3
   580 | D:1      | Reached skill level 1 in Dodging
   595 | D:1      | Reached XP level 3. HP: 29/30 MP: 4/4
   611 | D:1      | Reached *** piety under Lugonu
  1031 | D:2      | Reached skill level 1 in Axes
  1322 | D:2      | Reached XP level 4. HP: 35/37 MP: 6/6
  1608 | D:3      | Found an iron altar of Okawaru.
  1911 | D:3      | Noticed Jessica
  1919 | D:3      | Killed Jessica
  1962 | D:3      | Reached XP level 5. HP: 41/42 MP: 7/7
  2383 | D:3      | You fall into a shaft and drop 2 floors!
  2383 | D:5      | Entered Level 5 of the Dungeon
  2400 | D:5      | Noticed an ice beast
  2410 | D:5      | Killed an ice beast
  2411 | D:5      | Reached XP level 6. HP: 48/48 MP: 8/8
  2540 | D:5      | Noticed a black bear
  2554 | D:5      | Killed a black bear
  2555 | D:5      | Reached XP level 7. HP: 32/55 MP: 8/10
  2856 | D:5      | Found an ancient bone altar of Kikubaaqudgha.
  2871 | D:5      | Succumbed to a scorpion's poison

Illustrated notes

Levels and vault maps discovered:
D:1:      dpeg_arrival_erosion, layout_loops_ring,
          dilly_ecumenical_altar_fadedgnrine, minmay_pentomino_r4
D:2:      layout_basic
D:3:      layout_basic, okawaru_ov_weapons_minmay, chequers_avenue,
          amethyst_killhole, uniq_jessica
D:5:      layout_basic, lemuel_blue_sif_altar, kiku_gazebo_garden_becter

Skill      XL: |  1  2  3  4  5  6 |
---------------+-------------------+-----
Dodging        | 1 |  1.6
Axes           | 1 2 3 4 |  4.6
Fighting       | 4 |  4.4
Invocations    | 3 4 |  4.0
Armour         | 3 |  3.6
Maces & Flails | |  2.2
Throwing       | |  0.1
Stealth        | |  0.6

Action                   |  1- 3 |  4- 6 |  7- 9 || total
-------------------------+-------+-------+-------++-------
Melee: Mace              |    15 |       |       ||    15
       Hand axe          |    75 |   112 |    29 ||   216
       Punch             |       |     2 |       ||     2
Throw: Javelin           |       |     3 |       ||     3
Invok: Bend Space        |       |       |     1 ||     1
  Use: Potion            |     1 |       |       ||     1
Armor: Leather armour    |    34 |     1 |       ||    35
       Plate armour      |       |    86 |    10 ||    96
Dodge: Dodged            |    56 |    37 |    11 ||   104
